 Dungeon Sprint DCSS version 0.14-a0-218-g24e112a (console) character file.

2696 Dalvant the Arsonist (level 8, 0/46 HPs)
             Began as a Deep Elf Fire Elementalist on Oct 9, 2013.
             Was an Initiate of Vehumet.
             Slain by a polar bear (4 damage)
             ... in the Dungeon (Sprint II: "The Violet Keep of Menkaure").
             The game lasted 00:08:52 (1377 turns).

Dalvant the Arsonist (Deep Elf Fire Elementalist)   Turns: 1377, Time: 00:08:52

HP   0/46        AC  2     Str  3      XL: 8   Next: 97%
MP   0/27        EV 13     Int 23      God: Vehumet [......]
Gold 760         SH  0     Dex 15      Spells:  3 memorised, 17 levels left

Res.Fire  : . . .   See Invis. : .   a - -1,+9 scythe "Beastslayer" {slice, rC+}
Res.Cold  : + . .   Warding    : .   h - +0 orc robe (curse)
Life Prot.: . . .   Conserve   : .   (no shield)
Res.Poison: .       Res.Corr.  : .   (no helmet)
Res.Elec. : .       Clarity    : .   (no cloak)
Sust.Abil.: . .     Spirit.Shd : .   (no gloves)
Res.Mut.  : .       Prev.Telep.: +   (no boots)
Res.Rott. : .       Flight     : .   (no amulet)
Saprovore : . . .                    (no ring)
                                     (no ring)

@: non-regenerating, diseased, slowed, retching, very slow, somewhat resistant
to hostile enchantments, quite stealthy
A: blink 1, evolution 1, Str -2
a: Blink, Renounce Religion


You were in the Dungeon.
You worshipped Vehumet.
Vehumet was noncommittal.
You were very hungry.

You visited 1 branch You collected 972 gold pieces.
You spent 232 gold pieces at shops.

Inventory:

Hand weapons
 a - the cursed -1,+9 scythe "Beastslayer" (weapon) {slice, rC+}
   (You bought it in a shop in the Dungeon)

   It inflicts extra damage upon your enemies.
   It protects you from cold.
   It has a curse placed upon it.
Armour
 h - a cursed +0 orcish robe (worn)
Comestibles
 c - a bread ration
Scrolls
 i - a scroll of blinking
Potions
 e - a potion of heal wounds
 f - a potion of speed
 g - 2 potions of magic
Books
 b - a book of Flames

   Spells                             Type                      Level
   *Flame Tongue                      Conjuration/Fire             1
   Throw Flame                        Conjuration/Fire             2
   Conjure Flame                      Conjuration/Fire             3
   Inner Flame                        Hexes/Fire                   3
   *Sticky Flame                      Conjuration/Fire             4
   *Fireball                          Conjuration/Fire             5


   Skills:
 - Level 6.2 Fighting
 - Level 2.4 Dodging
 - Level 7.2 Stealth
 + Level 10.0 Spellcasting
 * Level 10.6 Conjurations
 + Level 14.1 Fire Magic


You had 17 spell levels left.
You knew the following spells:

 Your Spells              Type           Power        Failure   Level  Hunger
a - Flame Tongue          Conj/Fire      #####        1%          1    None
c - Sticky Flame          Conj/Fire      ######..     1%          4    #......
v - Fireball              Conj/Fire      ######....   1%          5    ###....


Dungeon Overview and Level Annotations

Branches:
Dungeon (1/1)

Altars:
Cheibriados
Elyvilon
Fedhas
Kikubaaqudgha
Makhleb
Nemelex Xobeh
Okawaru
Sif Muna
Trog
Vehumet
Xom
Yredelemnul
Zin
the Shining One
Beogh
Jiyva
Lugonu

Shops:
D +!*=%?[![[[+*(/=

Annotations:
D exclusion: oklob plant


Innate Abilities, Weirdness & Mutations

You can translocate small distances at will.
You are weak. (Str -2)
You evolve.


Message History

The flying skull gives a hideous shriek!
Casting: Fireball
Confirm with . or Enter, or press ? or * to list all spells.
Aiming: Sticky Flame
Press: ? - help, Shift-Dir - straight line, f/p - yellow wasp
Aim: a yellow wasp (severely wounded)
The sticky flame hits the yellow wasp.
The yellow wasp appears unharmed.
The yellow wasp is severely wounded.
The yellow wasp is covered in liquid flames!
The yellow wasp burns!
The yellow wasp stings you.
* * * LOW HITPOINT WARNING * * *
You feel yourself slow down. The yellow wasp stings you.
* * * LOW HITPOINT WARNING * * *
You feel as though you will be slow longer.
The yellow wasp burns!
You kill the yellow wasp!
Vehumet accepts your kill.
Your Spellcasting skill increases to level 10!
The polar bear barely misses you. The polar bear claws you.
You die...

## ≈## ############≈≈#++ ++
###########≈≈≈.... ...
##.....∩.∩#≈≈≈≈.##+##.. .
##....∩.∩.#≈≈≈≈##.#.##.#### .##.
##...∩.∩..#≈≈≈≈#.###.#....# ...# #
##..∩.∩...#≈≈####.#.####..## #..# c#
##.⌠.∩...[#≈##.###'###.##..# +..# .##(!
##..∩.∩...#≈##.%##<##.).#..# #..# U##)!(
##...∩.∩..'≈'.##'.<.'%#.'..### ..##U##$??=
##....∩.∩.#≈##..##<##...#....###...########
###########≈##.###'###.##..§...≈≈≈≈≈≈≈≈≈≈≈≈
##JJJ######≈≈####.#.####≈≈.....≈#'########≈#
#$GG#E ##≈≈≈#..#..#≈≈≈≈≈≈≈..≈#........#§§§
#∩PG+. +#≈##.#.##≈§§≈≈≈§≈.≈#...⌠....#§§§≈
#[..#$# ≈≈##+##≈§§§≈≈§§≈≈§#.._._...#§§§§§
#$$.### ≈≈≈≈§§§§≈≈≈§#._._§§§§#≈§≈§§ #+# #
+#≈§≈§§≈≈≈≈#_._§§§§§#{≈§§§
##≈§§###≈§#._.§§§§§#{≈§≈≈§ ##§≈
#§≈#...§§§§§#§§≈§§ #≈≈#@U.§§§§§#;§§≈#
§≈§≈≈§≈##########§§§≈# #######≈≈≈≈≈≈≈≈≈≈§§≈#
§§zz###≈########≈#### §§§zz##≈# ## §§zzz+≈#
§§.#### §#


You could see a polar bear and 7 flying skulls.

Vanquished Creatures
  A plague shambler (D)
  A mermaid (D)
  A baby alligator (D)
  2 boulder beetles (D)
  2 hippogriffs (D)
  Menkaure (D)
  A crocodile (D)
  A yellow wasp (D)
  4 giant centipedes (D)
14 creatures vanquished.

Notes
Turn   | Place    | Note
--------------------------------------------------------------
     0 | D        | Dalvant, the Deep Elf Fire Elementalist, began the quest for the Orb.
     0 | D        | Reached XP level 1. HP: 10/10 MP: 4/4
     6 | D        | Reached skill level 1 in Fighting
     6 | D        | Reached skill level 4 in Fire Magic
    34 | D        | Reached skill level 5 in Fire Magic
    34 | D        | Reached XP level 2. HP: 15/15 MP: 0/7
    41 | D        | Reached XP level 3. HP: 19/19 MP: 0/9
    46 | D        | Found Bixec's Book Shoppe.
    46 | D        | Found Soarchose's Distillery.
    46 | D        | Found Daiteag's Armour Emporium.
    46 | D        | Found Twies' Antique Armour Shoppe.
    46 | D        | Found Piveoj's Magical Wand Emporium.
    47 | D        | Found Straismae's Armour Emporium.
    47 | D        | Found Skock's Jewellery Shoppe.
    47 | D        | Found Xuorubru's Antique Armour Emporium.
    47 | D        | Found Ghuesm's Antique Weapon Shoppe.
    47 | D        | Found Skaygeut's Jewellery Emporium.
    47 | D        | Found Phaaczarr's Food Shoppe.
    47 | D        | Found Pruwu's General Store.
    48 | D        | Found Ynom's Distillery.
    49 | D        | Found Kleuw's Magic Scroll Emporium.
    49 | D        | Found Viurrela's Assorted Antiques.
    49 | D        | Noticed a pulsating lump
    50 | D        | Noticed Menkaure
    50 | D        | Noticed a pulsating lump
    50 | D        | Noticed a pulsating lump
    51 | D        | Noticed an oklob plant
    53 | D        | Found Gitat's Book Shoppe.
    54 | D        | Noticed a shining eye
    54 | D        | Noticed a shining eye
    57 | D        | Noticed a shining eye
    58 | D        | Bought a glowing orcish robe for 15 gold pieces
    65 | D        | Noticed an iron elemental
   316 | D        | Killed Menkaure
   316 | D        | Reached skill level 8 in Fire Magic
   316 | D        | Reached XP level 4. HP: 21/24 MP: 5/13
   316 | D        | Reached XP level 5. HP: 25/29 MP: 5/15
   322 | D        | Learned a level 4 spell: Sticky Flame
   328 | D        | Learned a level 5 spell: Fireball
   359 | D        | Bought a warped scythe for 184 gold pieces
   360 | D        | Identified the cursed -1,+9 scythe "Beastslayer" {slice, rC+} (You bought it in a shop in the Dungeon)
   360 | D        | Identified the cursed -1,+9 scythe "Beastslayer" {slice, rC+} (You bought it in a shop in the Dungeon)
   366 | D        | Bought a potion of mutation for 33 gold pieces
   367 | D        | Gained mutation: You evolve. [potion of mutation]
   367 | D        | Gained mutation: You are weak. (Str -2) [potion of mutation]
   367 | D        | Gained mutation: You can translocate small distances at will. [potion of mutation]
   386 | D        | Noticed a mermaid
   392 | D        | Killed a mermaid
   392 | D        | Reached skill level 5 in Fighting
   392 | D        | Reached skill level 5 in Stealth
   392 | D        | Reached skill level 5 in Spellcasting
   392 | D        | Reached skill level 10 in Fire Magic
   392 | D        | Reached XP level 6. HP: 18/35 MP: 8/20
   554 | D        | Noticed a hippogriff
   554 | D        | Noticed a hippogriff
   560 | D        | Killed a hippogriff
   560 | D        | Reached skill level 11 in Fire Magic
   571 | D        | Killed a hippogriff
   571 | D        | Reached skill level 12 in Fire Magic
   571 | D        | Reached XP level 7. HP: 12/40 MP: 5/22
   802 | D        | Noticed a boulder beetle
   802 | D        | Noticed a boulder beetle
   836 | D        | Killed a boulder beetle
   880 | D        | Killed a boulder beetle
   880 | D        | Reached XP level 8. HP: 46/46 MP: 16/25
   950 | D        | Noticed a crocodile
   950 | D        | Noticed a baby alligator
   958 | D        | Killed a crocodile
   958 | D        | Reached skill level 13 in Fire Magic
  1011 | D        | Found a burning altar of Makhleb.
  1011 | D        | Found a shimmering altar of Xom.
  1012 | D        | Found a radiant altar of Vehumet.
  1140 | D        | Killed a baby alligator
  1351 | D        | Found a corrupted altar of Lugonu.
  1351 | D        | Found a snail-covered altar of Cheibriados.
  1351 | D        | Found a viscous altar of Jiyva.
  1351 | D        | Found a glowing silver altar of Zin.
  1352 | D        | Found a deep blue altar of Sif Muna.
  1352 | D        | Found a glowing golden altar of the Shining One.
  1352 | D        | Found a blossoming altar of Fedhas.
  1353 | D        | Noticed a plague shambler
  1355 | D        | Found an ancient bone altar of Kikubaaqudgha.
  1355 | D        | Found a bloodstained altar of Trog.
  1355 | D        | Found an iron altar of Okawaru.
  1355 | D        | Noticed a yellow wasp
  1355 | D        | Noticed a polar bear
  1356 | D        | Found a basalt altar of Yredelemnul.
  1356 | D        | Found a white marble altar of Elyvilon.
  1356 | D        | Found a roughly hewn altar of Beogh.
  1356 | D        | Noticed a yaktaur
  1357 | D        | Noticed a polar bear
  1357 | D        | Found a sparkling altar of Nemelex Xobeh.
  1357 | D        | Noticed a big fish
  1359 | D        | Became a worshipper of Vehumet
  1360 | D        | Noticed a big fish
  1361 | D        | Noticed a big fish
  1370 | D        | Noticed a flying skull
  1370 | D        | Noticed a flying skull
  1370 | D        | Killed a plague shambler
  1370 | D        | Reached skill level 10 in Conjurations
  1370 | D        | Reached skill level 14 in Fire Magic
  1371 | D        | Noticed a flying skull
  1371 | D        | Noticed a flying skull
  1372 | D        | Noticed a flying skull
  1373 | D        | Noticed a flying skull
  1374 | D        | Noticed a flying skull
  1374 | D        | Noticed a flying skull
  1375 | D        | Noticed a flying skull
  1375 | D        | Noticed a flying skull
  1377 | D        | Killed a yellow wasp
  1377 | D        | Reached skill level 10 in Spellcasting
  1377 | D        | Slain by a polar bear

Action                   |  1- 3 |  4- 6 |  7- 9 || total
-------------------------+-------+-------+-------++-------
Melee: Unarmed           |     3 |       |       ||     3
 Cast: Flame Tongue      |     9 |     9 |     6 ||    24
       Sticky Flame      |       |     4 |    12 ||    16
       Fireball          |       |       |     4 ||     4
  Use: Potion            |     2 |     1 |       ||     3
